 Dungeon Crawl Stone Soup version 0.31-a0-1570-g93c622d222 (webtiles) character file.

Game seed: 15504732424918386986

11673 voltaire321 the Toxicologist (level 11, -1/86 HPs)
             Began as a Demonspawn Alchemist on Jan 4, 2024.
             Was a Believer of Wu Jian.
             Slain by a two-headed ogre
             ... wielding a +1 great mace of flaming
              (5 damage)
             ... in a volcano.
             The game lasted 00:35:43 (11817 turns).

voltaire321 the Toxicologist (DsAl)                Turns: 11817, Time: 00:35:43

Health: -1/86      AC: 17    Str: 12    XL:     11   Next: 52%
Magic:  15/18      EV: 11    Int: 22    God:    Wu Jian [**....]
Gold:   568        SH: 10    Dex: 14    Spells: 9/20 levels left

rFire   . . .        T - +3 scimitar (flame)
rCold   . . .        L - +0 buckler
rNeg    . . .        m - +1 scale mail {Will+}
rPois   .            d - +1 helmet
rElec   .            (no cloak)
rCorr   .            M - +2 pair of gloves
SInv    .            (no boots)
Will    +....        K - amulet of reflection
Stlth   +            j - +6 ring of intelligence
HPRegen 0.34/turn    E - ring of wizardry
MPRegen 0.32/turn

%: reflection, wizardry (x1)
@: no status effects
A: slimy green scales 2, foul stench 2, magic regeneration, weakness stinger 2
a: Renounce Religion, Wall Jump


You were in a volcano.
You worshipped Wu Jian.
Wu Jian was pleased with you.
You visited 3 branches of the dungeon, and saw 12 of its levels.
You also visited: Volcano.

You collected 568 gold pieces.

Inventory:

Hand Weapons
 I - a +4 spear of venom
 T - a +3 scimitar of flaming (weapon)
Missiles
 g - a throwing net
Armour
 d - a +1 helmet (worn)
 m - a +1 scale mail of willpower (worn)
 n - a +1 robe of cold resistance
 s - +0 acid dragon scales
 L - a +0 buckler (worn)
 M - a +2 pair of gloves (worn)
 O - a +0 troll leather armour
Jewellery
 j - a +6 ring of intelligence (left hand)
 r - a +6 ring of strength
 E - a ring of wizardry (right hand)
 K - an amulet of reflection (around neck)
 Q - a ring of see invisible
 S - an amulet of guardian spirit
Wands
 p - a wand of polymorph (8)
 q - a wand of flame (27)
 R - a wand of paralysis (8)
Scrolls
 f - 2 scrolls of poison
 h - a scroll of teleportation {unknown}
 o - a scroll of amnesia {unknown}
 t - 2 scrolls of immolation
 A - a scroll of fog
 B - 3 scrolls of identify
 J - a scroll of blinking
 P - a scroll of silence {unknown}
Potions
 b - a potion of magic
 e - 2 potions of curing
 k - a potion of enlightenment {unknown}
 l - a potion of resistance
 u - a potion of haste {unknown}
 v - 2 potions of might {unknown}
 w - a potion of berserk rage {unknown}
 x - 2 potions of lignification
 N - a potion of ambrosia {unknown}


   Skills:
 + Level 7.8 Fighting
 * Level 3.2 Long Blades
 + Level 7.1 Armour
 + Level 7.3 Dodging
 - Level 1.7 Stealth
 - Level 4.0 Shields
 - Level 5.0 Spellcasting
 - Level 5.0 Conjurations
 + Level 3.2 Earth Magic
 + Level 8.3 Alchemy


You had 9 spell levels left.
You knew the following spells:

 Your Spells              Type           Power      Damage    Failure   Level
a - Sting                 Conj/Alch      100%       1d9       1%          1
b - Olgreb's Toxic Radia  Alch           42%        N/A       8%          4
c - Stone Arrow           Conj/Erth      46%        3d9       13%         3
d - Passwall              Erth           19%        N/A       19%         3

Your spell library contained the following spells:

 Spells                   Type           Power      Damage    Failure   Level
 Sandblast                Erth           38%        2d10      6%          1
 Mercury Vapours          Alch/Air       46%        N/A       6%          2
 Mephitic Cloud           Conj/Alch/Air  25%        N/A       12%         3
 Alistair's Intoxication  Alch           28%        N/A       21%         5
 Petrify                  Alch/Erth      30%        N/A       22%         4
 Apportation              Tloc           10%        N/A       24%         1
 Dazzling Flash           Conj/Hex       32%        N/A       26%         3
 Ensorcelled Hibernation  Hex/Ice        10%        N/A       32%         2
 Jinxbite                 Hex            10%        N/A       32%         2
 Sublimation of Blood     Necr           5%         N/A       32%         2
 Brom's Barrelling Bould  Conj/Erth      23%        2d4       38%         4
 Sticky Flame             Fire/Alch      23%        2d6       38%         4
 Irradiate                Conj/Alch      17%        3d17      38%         5
 Fugue of the Fallen      Necr           5%         N/A       54%         3
 Volatile Blastmotes      Fire/Tloc      10%        2d10      54%         3
 Anguish                  Hex/Necr       2%         N/A       90%         4
 Starburst                Conj/Fire      8%         6d4       100%        6
 Maxwell's Capacitive Co  Air            2%         ∞         100%        8


Dungeon Overview and Level Annotations

Branches:
Dungeon (10/15)            Temple (1/1) D:6            Lair (1/5) D:9
Volcano (1/1)
    Orc: D:9-12

Altars:
Ashenzari
Cheibriados
Dithmenos
Fedhas
Gozag
Hepliaklqana
Kikubaaqudgha
Makhleb
Nemelex Xobeh
Okawaru
Qazlal
Ru
Sif Muna
Trog
Uskayaw
Vehumet
Wu Jian
Xom
Yredelemnul

Shops:
D:1 [   D:2 =

Annotations:
D:8 1 runed translucent door, MysticSailboat's ghost, novice GnAr
Lair:1 exclusion: oklob plant


Innate Abilities, Weirdness & Mutations

You are mostly covered in slimy green scales. (AC +3)
You sometimes emit foul miasma when damaged in melee.
You regenerate magic rapidly.
You have a tail ending in a sharp stinger.


Message History

You block the fire bat's attack.
The salamander hits you but does no damage.
You slash the two-headed ogre! You burn the two-headed ogre.
Your tail-slap misses the two-headed ogre.
The two-headed ogre is moderately wounded.
You block the fire bat's attack. x2; The fire bat bites you.
You are engulfed in flames.
You emit a cloud of foul miasma!
The fire bat is engulfed in dark miasma.
The fire bat is poisoned.
The two-headed ogre hits you but does no damage. x2
The salamander hits you but does no damage.
The fire bat bites you but does no damage.
The fire bat barely misses you.
Casting: Olgreb's Toxic Radiance (dangerous; 8% risk of failure)
Confirm with . or Enter, or press ? or * to list all spells.
You begin to radiate toxic energy.
The fire bat is poisoned.
The fire bat looks even sicker.
The two-headed ogre is poisoned.
The fire bat looks even sicker.
The fire bat closely misses you.
You hit the fire bat.
The fire bat is heavily wounded.
The fire bat looks even sicker.
The two-headed ogre looks even sicker.
The salamander is poisoned.
The fire bat barely misses you. The fire bat closely misses you.
You block the salamander's attack.
You slash the two-headed ogre! You burn the two-headed ogre.
The two-headed ogre is heavily wounded.
The fire bat looks as sick as possible!
The fire bat looks even sicker.
Your toxic aura wanes.
The fire bat bites you but does no damage. x2
The fire bat closely misses you.
The fire bat bites you but does no damage.
The salamander hits you from afar with a +2 spear of flaming.
You are engulfed in flames!
The salamander burns you.
The two-headed ogre hits you with a +1 great mace of flaming!
* * * LOW HITPOINT WARNING * * *
The two-headed ogre burns you.
* * * LOW HITPOINT WARNING * * *
The two-headed ogre hits you with a +1 great mace of flaming!
* * * LOW HITPOINT WARNING * * *
The two-headed ogre burns you.
You die...

..~~≈≈≈
##.≈~≈≈≈≈≈
...~≈≈≈≈≈
..~.≈≈≈≈≈ ###
...≈≈≈≈≈≈
##..##..~≈≈≈≈≈
#[...#.~~~≈≈≈≈
#...NOb~.~≈≈≈≈
#...!#@~b≈≈≈≈≈
§.##$N##.~~~≈≈≈≈
§§.####...≈≈≈≈≈≈
§.§.......~≈≈≈≈≈
..........~≈≈≈≈≈
######.#≈≈≈≈≈≈≈
##..'##≈≈≈≈≈≈≈
#.#### ≈≈≈≈≈≈≈
##∩∩# ≈≈≈≈≈≈≈


You could see a salamander (poisoned), a two-headed ogre (very poisoned) and 2
fire bats.

Vanquished Creatures
  Erica (D:10)
  A two-headed ogre (D:9)
  A death yak (Lair:1)
  An arcanist (D:10)
  A lindwurm (Lair:1)
  A manticore (D:10)
  An ugly thing (D:9)
  A black mamba (Lair:1)
  A cane toad (Lair:1)
  A kobold demonologist (D:10)
  2 trolls
  Grinder (D:3)
  Sigmund (D:4)
  A wraith (D:9)
  14 yaks
  2 steam dragons
  An acid dragon (D:8)
  5 water moccasins
  7 black bears
  An ice beast (D:5)
  3 orc warriors
  2 ogres
  2 wolves (D:9)
  5 centaurs
  2 phantoms
  6 bullfrogs
  A gnoll sergeant (D:6)
  A scorpion (D:7)
  4 wights (D:8)
  An electric eel (D:9)
  2 howler monkeys
  7 hounds
  2 bombardier beetles
  An orc priest (D:4)
  2 jellies (D:7)
  2 sleepcaps
  Jessica (D:2)
  Ijyb (D:3)
  Natasha (thrice) (D:2)
  Terence (D:3)
  An iguana (D:6)
  4 orc wizards
  Robin (D:2)
  5 gnolls (D:6)
  5 adders
  2 white imps
  2 ufetubi (D:6)
  3 ribbon worms
  A dart slug (D:5)
  24 orcs
  5 ball pythons
  7 endoplasms
  A giant cockroach (D:1)
  13 goblins
  13 hobgoblins
  3 kobolds
  2 quokkas
  6 bats
  A frilled lizard (D:1)
  6 rats
199 creatures vanquished.

Notes
Turn   | Place    | Note
-------+----------+-------------------------------------------
     0 | D:1      | voltaire321 the Demonspawn Alchemist began the quest for
                  | the Orb.
     0 | D:1      | Reached XP level 1. HP: 13/13 MP: 3/3
    60 | D:1      | Found a faded altar of an unknown god.
   160 | D:1      | Found Ziciosum's Antique Armour Shoppe.
   211 | D:1      | Gained mutation: You have a small tail. [demonic ancestry]
   211 | D:1      | Reached XP level 2. HP: 20/20 MP: 3/5
  1018 | D:2      | Noticed Robin
  1039 | D:2      | Killed Robin
  1040 | D:2      | Gained mutation: You may rarely emit foul miasma when
                  | damaged in melee. [demonic ancestry]
  1040 | D:2      | Reached XP level 3. HP: 15/25 MP: 0/6
  1042 | D:2      | Reached skill level 1 in Fighting
  1125 | D:2      | Reached skill level 1 in Armour
  1244 | D:2      | Noticed Natasha
  1251 | D:2      | Killed Natasha
  1252 | D:2      | Gained mutation: You are partially covered in slimy green
                  | scales. (AC +2) [demonic ancestry]
  1252 | D:2      | Reached XP level 4. HP: 31/32 MP: 3/7
  1579 | D:2      | Found Doirif's Jewellery Emporium.
  1604 | D:2      | Noticed Jessica
  1610 | D:2      | Killed Jessica
  1801 | D:2      | Noticed Natasha
  1806 | D:2      | Killed Natasha
  1807 | D:2      | Reached XP level 5. HP: 37/37 MP: 5/8
  2104 | D:2      | Noticed Natasha
  2113 | D:2      | Killed Natasha
  2293 | D:3      | Noticed Terence
  2301 | D:3      | Killed Terence
  2431 | D:3      | Learned a level 4 spell: Olgreb's Toxic Radiance
  2494 | D:3      | Noticed Grinder
  2501 | D:3      | Paralysed by Grinder for 5 turns
  2518 | D:3      | Killed Grinder
  2519 | D:3      | Reached skill level 4 in Alchemy
  2519 | D:3      | Gained mutation: You have a tail ending in a sharp stinger.
                  | [demonic ancestry]
  2519 | D:3      | Reached XP level 6. HP: 21/46 MP: 2/10
  2691 | D:3      | Noticed Ijyb
  2701 | D:3      | Killed Ijyb
  2754 | D:3      | Found a basalt altar of Yredelemnul.
  3021 | D:3      | Found a stormy altar of Qazlal.
  3367 | D:4      | Found a sparkling altar of Nemelex Xobeh.
  3380 | D:4      | Noticed Sigmund
  3403 | D:4      | Killed Sigmund
  3404 | D:4      | Reached XP level 7. HP: 51/51 MP: 3/12
  4093 | D:5      | Entered Level 5 of the Dungeon
  4101 | D:5      | Found a hazy altar of Hepliaklqana.
  4455 | D:5      | Reached XP level 8. HP: 22/59 MP: 11/13
  4819 | D:5      | Reached skill level 5 in Alchemy
  5725 | D:6      | Found a shimmering blue altar of Sif Muna.
  5727 | D:6      | Found a bloodstained altar of Trog.
  5964 | D:6      | Found a shadowy altar of Dithmenos.
  6057 | D:6      | Found a burning altar of Makhleb.
  6156 | D:6      | Gained mutation: You regenerate magic rapidly. [demonic
                  | ancestry]
  6156 | D:6      | Reached XP level 9. HP: 62/66 MP: 12/16
  6388 | D:6      | Reached skill level 5 in Spellcasting
  6745 | D:6      | Found a staircase to the Ecumenical Temple.
  6754 | Temple   | Entered the Ecumenical Temple
  6769 | Temple   | Became a worshipper of the Wu Jian Council
  6869 | D:7      | Reached skill level 5 in Conjurations
  6880 | D:7      | Reached skill level 5 in Fighting
  6934 | D:7      | Reached skill level 5 in Dodging
  7017 | D:7      | Reached skill level 6 in Alchemy
  7926 | D:8      | Reached skill level 5 in Armour
  8121 | D:8      | Reached skill level 1 in Shields
  8874 | D:8      | Found a runed translucent door.
  8874 | D:8      | Noticed a deep elf pyromancer
  8875 | D:8      | Noticed MysticSailboat's ghost (novice GnAr)
  9126 | D:9      | Found a snail-covered altar of Cheibriados.
  9159 | D:9      | Noticed a purple ugly thing
  9272 | D:9      | Killed a purple ugly thing
  9273 | D:9      | Gained mutation: You are mostly covered in slimy green
                  | scales. (AC +3) [demonic ancestry]
  9273 | D:9      | Reached XP level 10. HP: 31/76 MP: 17/17
  9458 | D:9      | Found a staircase to the Lair.
  9473 | D:9      | Noticed a two-headed ogre
  9495 | D:9      | Killed a two-headed ogre
  9496 | D:9      | Reached skill level 7 in Alchemy
  9914 | D:10     | Entered Level 10 of the Dungeon
  9914 | D:10     | Noticed an arcanist
  9956 | D:10     | Noticed a deep elf pyromancer
  9956 | D:10     | Noticed a manticore
  9957 | D:10     | Noticed a centaur warrior
  9957 | D:10     | Noticed an orc knight
 10103 | D:10     | Noticed an arcanist
 10103 | D:10     | Noticed a manticore
 10103 | D:10     | Noticed a deep elf pyromancer
 10103 | D:10     | Noticed an ogre mage
 10152 | D:10     | Noticed a manticore
 10161 | D:10     | Killed a manticore
 10215 | D:10     | Learned a level 3 spell: Stone Arrow
 10279 | D:10     | Reached * piety under Wu Jian
 10281 | D:10     | Noticed a soul eater
 10292 | D:10     | Reached skill level 1 in Earth Magic
 10564 | D:10     | Noticed a +0 spear
 10564 | D:10     | Noticed Erica
 10565 | D:10     | Noticed a +0 dagger
 10587 | D:10     | Killed Erica
 10588 | D:10     | Gained mutation: You sometimes emit foul miasma when
                  | damaged in melee. [demonic ancestry]
 10588 | D:10     | Reached XP level 11. HP: 47/84 MP: 18/18
 10712 | D:10     | Noticed a +0 short sword
 10712 | D:10     | Noticed a +0 short sword
 10712 | D:10     | Noticed a +0 falchion
 10712 | D:10     | Noticed a +0 falchion
 10713 | D:10     | Noticed a +0 spear
 10713 | D:10     | Noticed a +0 dagger
 10858 | D:10     | Found a hide-covered altar of Uskayaw.
 10944 | D:10     | Killed an arcanist
 11158 | D:10     | Reached skill level 1 in Long Blades
 11412 | Lair:1   | Entered Level 1 of the Lair of Beasts
 11458 | Lair:1   | Reached skill level 8 in Alchemy
 11538 | Lair:1   | Noticed an oklob plant
 11586 | Lair:1   | Noticed a death yak
 11610 | Lair:1   | Killed a death yak
 11705 | Lair:1   | Learned a level 3 spell: Passwall
 11715 | Lair:1   | Found a dark tunnel.
 11715 | Lair:1   | Noticed a lindwurm
 11722 | Lair:1   | Killed a lindwurm
 11745 | Lair:1   | Reached ** piety under Wu Jian
 11795 | Volcano  | Entered a volcano
 11809 | Volcano  | Noticed a two-headed ogre
 11817 | Volcano  | HP: 4/86 [two-headed ogre/+1 great mace of flaming (13)]
 11817 | Volcano  | Slain by a two-headed ogre

Illustrated notes

Levels and vault maps discovered:
D:1:      dpeg_arrival_rhombi, layout_basic, serial_shops, shop,
          shapermc_ecumenical_altar_venn
D:2:      minmay_spotlight, layout_loops_cross, serial_shops,
          nicolae_shop_behind_doors, uniq_natasha, uniq_robin, uniq_jessica
D:3:      layout_loops_corners, nicolae_qazlal_eye_of_the_storm,
          lemuel_crystal_altar, uniq_terence, uniq_grinder, uniq_ijyb
D:4:      layout_rooms, amcnicky_altar_gilded, uniq_sigmund
D:5:      layout_loops_corners, mainiacjoe_overflow_concentric_impassable
D:6:      layout_basic, hellmonk_overflow_destroyed_library,
          makhleb_heckhound_becter, nicolae_dithmenos_shadow_blocks,
          temple_statues
D:7:      layout_loops_cross, nicolae_tso_carved_into_rock,
          chequers_serial_rivers_micro_e, kennysheep_boxes
D:8:      layout_loops_corners, ebering_ghost_inner_flame,
          hangedman_abyss_or_decor_stagger
D:9:      layout_rooms, mainiacjoe_overflow_tiny_flanked, erik_lair_island
D:10:     nicolae_BIG_FREAKIN_CUBE, layout_basic,
          mainiacjoe_overflow_small_starburst, nicolae_uskayaw_en_pointe,
          minivault_12, uniq_erica
Temple:   hellmonk_temple_flake
Lair:1:   layout_big_grid, nicolae_volcano_entry_vermiform, beast_lair_carwin_10
Volcano:  volcano_village

Skill      XL: |  1  2  3  4  5  6  7  8  9 10 11 |
---------------+----------------------------------+-----
Dodging        | 2 3 4 5 6 7 |  7.3
Fighting       | 1 2 3 4 6 7 |  7.8
Armour         | 1 2 3 4 5 6 7 |  7.1
Conjurations   | 2 3 4 5 |  5.0
Spellcasting   | 3 4 5 |  5.0
Alchemy        | 4 5 6 7 8 |  8.3
Shields        | 2 4 |  4.0
Earth Magic    | 2 3 |  3.2
Long Blades    | 3 |  3.2
Stealth        | |  1.7

Action                     |  1- 3 |  4- 6 |  7- 9 | 10-12 || total
---------------------------+-------+-------+-------+-------++-------
  Melee: Short sword       |    31 |       |       |       ||    31
         Tailslap          |     2 |     9 |    27 |    35 ||    73
         Dagger            |     5 |    53 |    80 |       ||   138
         Punch             |       |       |     4 |       ||     4
         Morningstar       |       |       |    94 |       ||    94
         Spear             |       |       |    76 |   126 ||   202
         Scimitar          |       |       |       |    83 ||    83
   Cast: Sting             |    43 |    72 |   114 |    36 ||   265
         Olgreb's Toxic Ra |       |       |       |    15 ||    15
         Passwall          |       |       |       |     1 ||     1
Ability: Lunge             |       |       |     1 |     1 ||     2
         Whirlwind         |       |       |       |     1 ||     1
    Use: Potion            |       |     2 |     5 |     2 ||     9
         Scroll            |       |       |     2 |     7 ||     9
   Stab: Sleeping          |       |     1 |       |       ||     1
 Armour: Robe              |    23 |    20 |    84 |       ||   127
         Skin              |       |    30 |       |       ||    30
         Scale mail        |       |       |   113 |   170 ||   283
  Dodge: Dodged            |    14 |    20 |   163 |    86 ||   283
  Block: Buckler           |       |       |    43 |   106 ||   149
         Reflection        |       |       |     5 |       ||     5
         Other             |       |       |     1 |       ||     1

Table legend: (Time is in decaauts)
 A = Elapsed time spent in this place.
 B = Non-inter-level travel time spent in this place.
 C = Inter-level travel time spent in this place.
 D = Time resting spent in this place.
 E = Time spent auto-exploring this place.
 F = Levels seen in this place.
 G = Mean time per level.
                   A        B        C        D        E       F      G
               +--------+--------+--------+--------+--------+-----+--------+
         Total |  11925 |  11310 |    615 |   2538 |   6020 |  13 |  917.3 |
       Dungeon |  11472 |  10870 |    602 |   2456 |   6020 |  10 | 1147.2 |
        Temple |     23 |     23 |      0 |      0 |      0 |   1 |   23.0 |
          Lair |    407 |    394 |     13 |     82 |      0 |   1 |  407.0 |
       Volcano |     23 |     23 |      0 |      0 |      0 |   1 |   23.0 |
               +--------+--------+--------+--------+--------+-----+--------+

Top non-repeatable levels by time:
     D:6: 1581 daAuts
    D:10: 1458 daAuts
     D:2: 1365 daAuts
     D:8: 1313 daAuts
     D:5: 1174 daAuts
     D:3: 1140 daAuts
     D:7: 1020 daAuts
     D:1: 833 daAuts
     D:9: 833 daAuts
     D:4: 750 daAuts
  Lair:1: 407 daAuts
  Temple: 23 daAuts
 Volcano: 23 daAuts
